AoeStats
← APC

Migration

509965686Analyzed
1v1 RM · 4d ago on Sep 28, 2026· 31m 11s· 2 players
Game mode
Random Map
Map size
132×132
Population
200
Speed
Normal
Resources
Standard
Victory
Conquest
Starting age
Dark Age
Ending age
Imperial Age
RankedLock teamsTeams togetherTeam positionsShared explorationLock speedFull tech treeHidden civsTurbo modeCheats
Victory
Defeat
🇧🇷 Japanese · Brazil
1068
+15
🇮🇹 Byzantines · Italy
1056
-15
APC
10:45 Loom
12:30 Feudal Age
13:54 Double-Bit Axe
18:32 Castle Age
16:30 Gold Mining
17:13 Fletching
20:35 Wheelbarrow
22:18 Gold Shaft Mining
22:02 Medium Warships
21:54 Bodkin Arrow
23:35 Stone Mining
25:47 Stone Shaft Mining
26:01 Hand Cart
25:34 Loom
29:52 Horse Collar
NãoÉOGustavo
13:12 Feudal Age
13:40 Fishing Lines
13:51 Double-Bit Axe
14:50 Wheelbarrow
15:46 Gold Mining
18:00 Town Watch
18:52 Loom
21:25 Castle Age
19:19 Fletching
22:25 Medium Warships
22:34 Bow Saw
22:23 Gillnets
22:38 Bodkin Arrow
23:00 Clinker Construction
23:10 Hand Cart
23:34 Gold Shaft Mining
24:12 Careening
24:36 Ballistics
25:20 Stone Mining
30:55 Imperial Age
28:30 Scale Mail Armor
28:41 Forging
30:18 Chain Mail Armor
30:38 Iron Casting
30:33 Yasama
32:48 Chemistry
31:38 Guard Tower
Connection lost

Rejoining the realm…

Still unreachable

The connection could not be restored.

Session expired

The server has moved on; the page needs a fresh start.